 Dungeon Crawl Stone Soup version 0.27-a0-1191-g601b473118 (webtiles) character file.

Game seed: 7067345618604800424

74 Wyvernaa the Cudgeller (level 4, -1/33 HPs)
             Began as a Demonspawn Gladiator on May 24, 2021.
             Slain by Sigmund
             ... wielding a +3 scythe of flaming
              (12 damage)
             ... on level 2 of the Dungeon.
             The game lasted 00:03:51 (2491 turns).

Wyvernaa the Cudgeller (Demonspawn Gladiator)       Turns: 2491, Time: 00:03:51

Health: -1/33      AC:  4    Str: 16    XL:     4   Next: 10%
Magic:  4/4        EV: 12    Int:  9    God:
Gold:   103        SH:  0    Dex: 16    Spells: 3/3 levels left

rFire    . . .     SeeInvis .   a - +1 flail
rCold    . . .     Faith    .   (no shield)
rNeg     + . .     Spirit   .   b - +0 leather armour
rPois    .         Reflect  .   c - +0 helmet
rElec    .         Harm     .   (no cloak)
rCorr    .         Rampage  .   (no gloves)
Will     .....                  (no boots)
Stlth    ++........             (no amulet)
HPRegen  0.11/turn              g - ring of positive energy
MPRegen  0.09/turn              (no ring)

@: no status effects
A: thin skeletal structure 1, foul stench 2
a: no special abilities


You were on level 2 of the Dungeon.
You visited 1 branch of the dungeon, and saw 2 of its levels.

You collected 103 gold pieces.

Inventory:

Hand Weapons
 a - a +1 flail (weapon)
Missiles
 d - 3 throwing nets (quivered)
Armour
 b - a +0 leather armour (worn)
 c - a +0 helmet (worn)
Jewellery
 g - a ring of positive energy (left hand)
 i - a ring of flight
Potions
 h - a potion of brilliance {unknown}
 j - a potion of curing {unknown}
 k - a potion of cancellation {unknown}


   Skills:
 + Level 2.0 Fighting
 * Level 4.0 Maces & Flails
 + Level 1.8 Throwing
 + Level 0.6 Armour
 + Level 3.0 Dodging
 + Level 0.3 Stealth


You had 3 spell levels left.
You didn't know any spells.
Your spell library was empty.

Dungeon Overview and Level Annotations

Branches:
Dungeon (2/15)

Altars:

Annotations:
D:2 Sigmund


Innate Abilities, Weirdness & Mutations

You have a somewhat thin skeletal structure. (Dex +2, Stealth+)
You sometimes emit foul miasma when damaged in melee.


Message History

You kill the bat!
The helpless bat fails to defend itself.
You sock the bat!
You kill the bat!
No target in view!
No target in view!
Search for what [? for help]? dagger You now have 103 gold pieces (gained 14).
Found a stone staircase leading up.
Sigmund the Dreaded comes into view.
He is wielding a +3 scythe of flaming and wearing a +0 robe of willpower.
You see here an amethyst potion.
Sigmund is nearby!
Sigmund is nearby!
Sigmund is nearby!
There is a stone staircase leading up here.
You climb upwards.
There is a stone staircase leading down here.
You see here a +0 club.
There is a stone staircase leading down here.
You climb downwards.
Level annotation: Sigmund
There is a stone staircase leading up here.
Sigmund whispers, "You'll know eternity soon."
Sigmund is nearby!
It was a potion of heal wounds.
You feel much better.
Sigmund gestures at himself while chanting.
Sigmund flickers and vanishes!
Deactivating autopickup; reactivate with Ctrl-A.
You are confused.
You bump into the rock wall.
A magic dart appears from out of thin air!
The magic dart hits you.
You bump into the rock wall.
You bump into the rock wall.
You bump into the rock wall.
You bump into the rock wall.
Something hits you! Something burns you.
You bump into the rock wall.
You feel less confused. Something hits you!
You die...

########..###......# #.# #..... #
#...........#####.# #..... #
#.##..............#####..#
########.#......................#
.........#.)......######.........
..................# ########.#
.##########....<..# #.#
.#...........).#.## #.. ...#
#####..#@# ### .### #..#.########
## ## #............# ##.
#.##...#####.# #.. #. #...# #.#
#.. #. ##.## #.# #.# #.###.#
####.# #.# #.....###....# #)#
####..##.....######.#


There were no monsters in sight!

Vanquished Creatures
  Natasha (D:2)
  A worm (D:2)
  3 ball pythons
  7 endoplasms
  2 giant cockroaches (D:1)
  5 hobgoblins (D:1)
  A quokka (D:1)
  7 bats
  2 frilled lizards (D:1)
  8 goblins
  5 kobolds
  4 rats (D:1)
46 creatures vanquished.

Notes
Turn   | Place    | Note
-------+----------+-------------------------------------------
     0 | D:1      | Wyvernaa the Demonspawn Gladiator began the quest for the
                  | Orb.
     0 | D:1      | Reached XP level 1. HP: 16/16 MP: 1/1
   234 | D:1      | Reached skill level 3 in Maces & Flails
   414 | D:1      | Gained mutation: You may rarely emit foul miasma when
                  | damaged in melee. [demonic ancestry]
   414 | D:1      | Reached XP level 2. HP: 22/22 MP: 2/2
   893 | D:1      | Found a faded altar of an unknown god.
  1174 | D:1      | Gained mutation: You have a somewhat thin skeletal
                  | structure. (Dex +2, Stealth+) [demonic ancestry]
  1174 | D:1      | Reached XP level 3. HP: 27/27 MP: 3/3
  2329 | D:2      | Noticed Natasha
  2334 | D:2      | Killed Natasha
  2335 | D:2      | Reached skill level 4 in Maces & Flails
  2335 | D:2      | Gained mutation: You sometimes emit foul miasma when
                  | damaged in melee. [demonic ancestry]
  2335 | D:2      | Reached XP level 4. HP: 25/33 MP: 4/4
  2432 | D:2      | Noticed Sigmund
  2491 | D:2      | Slain by Sigmund

Illustrated notes

Levels and vault maps discovered:
D:1:      eino_arrival_cavern_e, layout_basic,
          hellmonk_ecumenical_altar_leap_of_faith
D:2:      layout_loops_ring, kennysheep_potato, uniq_natasha, uniq_sigmund

Skill      XL: |  1  2  3 |
---------------+----------+-----
Maces & Flails | 3 4 |  4.0
Dodging        | 3 |  3.0
Fighting       | |  2.0
Throwing       | |  1.8
Armour         | |  0.6
Stealth        | |  0.3

Action                   |  1- 3 |  4- 6 || total
-------------------------+-------+-------++-------
Melee: Flail             |   145 |     2 ||   147
  Use: Scroll            |       |     1 ||     1
       Potion            |       |     1 ||     1
 Stab: Sleeping          |     6 |     1 ||     7
       Distracted        |     1 |       ||     1
Armor: Leather armour    |    48 |     1 ||    49
Dodge: Dodged            |    77 |     1 ||    78

Table legend: (Time is in decaauts)
 A = Elapsed time spent in this place.
 B = Non-inter-level travel time spent in this place.
 C = Inter-level travel time spent in this place.
 D = Time resting spent in this place.
 E = Time spent auto-exploring this place.
 F = Levels seen in this place.
 G = Mean time per level.
                   A        B        C        D        E       F      G
               +--------+--------+--------+--------+--------+-----+--------+
         Total |   2526 |   2517 |      9 |      0 |   2110 |   2 | 1263.0 |
       Dungeon |   2526 |   2517 |      9 |      0 |   2110 |   2 | 1263.0 |
               +--------+--------+--------+--------+--------+-----+--------+

Top non-repeatable levels by time:
     D:1: 1799 daAuts
     D:2: 726 daAuts
